 Dungeon Crawl Stone Soup version 0.29.1-12-g30fa7ad0bf (webtiles) character file.

Game seed: 8686468291620099996

4064 wormed the Cleaver (level 10, 0/81 HPs)
             Began as a Hill Orc Fighter on Dec 20, 2022.
             Was an Elder of Hepliaklqana.
             Slain by Gastronok (20 damage)
             ... on level 8 of the Dungeon.
             The game lasted 00:18:17 (7123 turns).

wormed the Cleaver (Hill Orc Fighter)               Turns: 7123, Time: 00:18:18

Health: 0/81       AC: 16    Str: 24    XL:     10   Next: 25%
Magic:  10/10      EV:  6    Int:  8    God:    Hepliaklqana [****..]
Gold:   480        SH:  6    Dex: 10    Spells: 9/9 levels left

rFire   + . .      SeeInvis .   K - +0 broad axe
rCold   . . .      Faith    .   c - +1 buckler
rNeg    + . .      Spirit   .   r - +0 plate armour
rPois   .          Reflect  .   (no helmet)
rElec   .          Harm     .   C - +0 cloak
rCorr   .          Rampage  .   v - +0 pair of gloves
Will    .....                   (no boots)
Stlth   ..........              f - amulet of magic regeneration
HPRegen 0.23/turn               g - ring of protection from fire
MPRegen 0.52/turn               t - ring of positive energy

@: no status effects
A: reduced essence
a: Renounce Religion, Recall Ancestor, Ancestor Identity, Transference, Idealise


You were on level 8 of the Dungeon.
You worshipped Hepliaklqana.
Hepliaklqana was greatly pleased with you.
You visited 1 branch of the dungeon, and saw 8 of its levels.

You collected 480 gold pieces.

Inventory:

Hand Weapons
 J - a +2 halberd of flaming
 K - a +0 broad axe (weapon)
Missiles
 F - a throwing net (quivered)
Armour
 c - a +1 buckler (worn)
 r - a +0 plate armour (worn)
 v - a +0 pair of gloves (worn)
 C - a +0 cloak (worn)
Jewellery
 f - an amulet of magic regeneration (around neck)
 g - a ring of protection from fire (left hand)
 h - a +6 ring of dexterity
 t - a ring of positive energy (right hand)
Wands
 k - a wand of iceblast (7)
 o - a wand of charming (7)
 w - a wand of mindburst (23)
 E - a wand of acid (11)
 G - a wand of polymorph (9)
Scrolls
 b - a scroll of immolation {unknown}
 j - 4 scrolls of teleportation
 q - a scroll of amnesia
 s - 4 scrolls of enchant armour
 u - a scroll of torment {unknown}
 x - 2 scrolls of fear
 y - a scroll of silence {unknown}
 B - a scroll of butterflies
Potions
 d - a potion of might
 e - 2 potions of magic
 i - a potion of invisibility
 l - 2 potions of haste
 m - a potion of ambrosia
 n - 2 potions of degeneration {unknown}
 p - 2 potions of curing {unknown}
 z - 2 potions of mutation {unknown}
 A - 2 potions of brilliance {unknown}
 D - a potion of flight
 H - a potion of heal wounds {unknown}
 I - a potion of resistance {unknown}


   Skills:
 + Level 8.6 Fighting
 * Level 12.2 Axes
 + Level 7.8 Armour
 + Level 7.9 Shields


You had 9 spell levels left.
You didn't know any spells.
Your spell library contained the following spells:

 Spells                   Type           Power      Damage    Failure   Level
 Magic Dart               Conj           0%         1d3       100%        1
 Slow                     Hex            0%         N/A       100%        1
 Call Imp                 Summ           0%         N/A       100%        2
 Confusing Touch          Hex            0%         N/A       100%        3
 Mephitic Cloud           Conj/Pois/Air  0%         N/A       100%        3
 Vampiric Draining        Necr           0%         2d6       100%        3


Dungeon Overview and Level Annotations

Branches:
Dungeon (8/15)             Temple (0/1) D:6
   Lair: D:8-11

Altars:
Hepliaklqana
Vehumet

Shops:
D:8 !

Annotations:
D:7 4 runed translucent doors
D:8 Gastronok


Message History

You block the bat's attack.
Tlaloc barely misses the bat.
Gastronok waves his eye-stalks in wide circles.
The air twists around and strikes you!!!
Ouch! That really hurt!
You barely miss the bat. The bat hits you but does no damage.
Tlaloc hits the bat with a +0 dagger of draining.
Tlaloc drains the bat.
The bat dies!
The bat's corpse disappears in a puff of smoke!
Tlaloc hits Gastronok with a +0 dagger of draining!
Tlaloc drains Gastronok.
Tlaloc hits Gastronok with a +0 dagger of draining!
Tlaloc drains Gastronok.
Tlaloc hits Gastronok with a +0 dagger of draining!
Gastronok bites Tlaloc!
Tlaloc hits Gastronok but does no damage.
You swap places.
Gastronok bites Tlaloc!!
Tlaloc hits Gastronok with a +0 dagger of draining!
Tlaloc drains Gastronok.
Gastronok bites Tlaloc!!
Tlaloc is destroyed!
Gastronok bites you!
You slash Gastronok!
Gastronok is moderately wounded.
You hit Gastronok but do no damage.
Gastronok is moderately wounded.
Gastronok gurgles, "Huuuuuuuuuuungry!"
Gastronok bites you!
* * * LOW HITPOINT WARNING * * *
You hit Gastronok.
Gastronok is moderately wounded.
You slash Gastronok!
Gastronok is heavily wounded.
Gastronok completely misses you.
You hit Gastronok but do no damage.
Gastronok is heavily wounded.
You slash Gastronok!
Gastronok is heavily wounded.
Gastronok bites you!!
You die...

.#..#########
#....#.∩.∩..#
..........#.###
.......∩.∩....##
......#######..#
.....## ##.##
.....# #..#
..#... ##.##
.####..
#.@########. .
#.. #..w........
# #..
##..........
#..........
###........
##.......
......# .....##
....##


You could see Gastronok (drained).

Vanquished Creatures
  Maggie (D:7)
  5 yaks (D:6)
  A wyvern (D:7)
  A steam dragon (D:6)
  Edmund (D:6)
  A water moccasin (D:7)
  A black bear (D:7)
  A centaur (D:7)
  A necrophage (D:5)
  A bullfrog (D:5)
  A scorpion (D:4)
  4 wights (D:7)
  A howler monkey (D:8)
  A hound (D:6)
  An orc priest (D:6)
  An iguana (D:7)
  An orc wizard (D:7)
  2 gnolls (D:7)
  13 adders
  A white imp (D:5)
  2 worms
  2 dart slugs (D:4)
  18 orcs
  A bat (D:2)
  8 endoplasms
  2 giant cockroaches
  5 goblins
  9 hobgoblins
  6 jackals
  4 quokkas
  4 ball pythons
  2 frilled lizards (D:1)
  7 kobolds
  8 rats
118 creatures vanquished.

Vanquished Creatures (collateral kills)
  Pikel (D:6)
  A wyvern (D:8)
  A steam dragon (D:7)
  A yak (D:6)
  A sky beast (D:6)
  2 ogres (D:5)
  A centaur (D:6)
  A lemure (D:6)
  A phantom (D:5)
  A scorpion (D:4)
  A necrophage (D:5)
  A gnoll bouda (D:7)
  An orc priest (D:6)
  3 hounds
  An iguana (D:4)
  2 gnolls (D:7)
  A dart slug (D:3)
  An orc (D:5)
  A hobgoblin (D:4)
  A jackal (D:3)
  2 kobolds (D:3)
  A frilled lizard (D:3)
27 creatures vanquished.

Vanquished Creatures (others)
  3 hexers
  A plant (D:6)
4 creatures vanquished.

Grand Total: 149 creatures vanquished

Notes
Turn   | Place    | Note
-------+----------+-------------------------------------------
     0 | D:1      | wormed the Hill Orc Fighter began the quest for the Orb.
     0 | D:1      | Reached XP level 1. HP: 19/19 MP: 1/1
   213 | D:1      | Reached skill level 3 in Axes
   218 | D:1      | Reached XP level 2. HP: 23/27 MP: 2/2
   697 | D:1      | Reached XP level 3. HP: 26/33 MP: 3/3
  1307 | D:2      | Reached skill level 4 in Axes
  1316 | D:2      | Reached XP level 4. HP: 22/40 MP: 4/4
  1453 | D:2      | Found a faded altar of an unknown god.
  2071 | D:2      | Prayed at the altar of an unknown god.
  2071 | D:2      | Became a worshipper of Hepliaklqana the Forgotten
  2071 | D:2      | Reached * piety under Hepliaklqana
  2326 | D:3      | Reached XP level 5. HP: 38/42 MP: 5/5
  2507 | D:4      | Reached skill level 5 in Axes
  2817 | D:4      | Reached ** piety under Hepliaklqana
  2823 | D:4      | Remembered your ancestor Tlaloc as a hexer
  2866 | D:4      | Reached XP level 6. HP: 40/49 MP: 6/6
  3274 | D:5      | Entered Level 5 of the Dungeon
  3281 | D:5      | Reached skill level 5 in Fighting
  3281 | D:5      | Reached skill level 6 in Axes
  3389 | D:5      | Reached XP level 7. HP: 50/54 MP: 7/7
  3589 | D:5      | Reached skill level 5 in Shields
  3626 | D:5      | Reached skill level 7 in Axes
  3626 | D:5      | Reached skill level 5 in Armour
  4256 | D:6      | Noticed a steam dragon
  4263 | D:6      | Killed a steam dragon
  4264 | D:6      | Reached skill level 8 in Axes
  4264 | D:6      | Reached XP level 8. HP: 63/63 MP: 8/8
  4276 | D:6      | Noticed a yak
  4276 | D:6      | Noticed a yak
  4276 | D:6      | Noticed a yak
  4276 | D:6      | Noticed a yak
  4276 | D:6      | Noticed a yak
  4276 | D:6      | Noticed a yak
  4285 | D:6      | Killed a yak
  4290 | D:6      | Killed a yak
  4300 | D:6      | Found a staircase to the Ecumenical Temple.
  4826 | D:6      | Noticed Edmund
  4839 | D:6      | Killed Edmund
  4840 | D:6      | Reached skill level 9 in Axes
  4936 | D:6      | Noticed Pikel
  4949 | D:6      | Killed Pikel
  4950 | D:6      | Reached skill level 10 in Axes
  4950 | D:6      | Reached XP level 9. HP: 64/71 MP: 9/9
  5124 | D:6      | Reached *** piety under Hepliaklqana
  6061 | D:7      | Reached skill level 11 in Axes
  6064 | D:7      | Noticed a manticore
  6065 | D:7      | Found a huge runed translucent gate.
  6065 | D:7      | Noticed a polar bear
  6065 | D:7      | Noticed a polar bear
  6069 | D:7      | Noticed a death yak
  6215 | D:7      | Found a huge runed translucent gate.
  6215 | D:7      | Found a huge runed translucent gate.
  6215 | D:7      | Found a huge runed translucent gate.
  6216 | D:7      | Noticed a manticore
  6216 | D:7      | Noticed a polar bear
  6358 | D:7      | Found a radiant altar of Vehumet.
  6489 | D:7      | Noticed Maggie
  6501 | D:7      | Reached XP level 10. HP: 50/79 MP: 10/10
  6519 | D:7      | Killed Maggie
  6520 | D:7      | Reached skill level 12 in Axes
  6843 | D:7      | Reached **** piety under Hepliaklqana
  7072 | D:8      | Found Dusuastrix's Distillery.
  7098 | D:8      | Noticed Gastronok
  7123 | D:8      | Slain by Gastronok

Illustrated notes

Levels and vault maps discovered:
D:1:      shiori_arrival_maze, layout_loops_ring
D:2:      layout_basic, hellmonk_ecumenical_altar_run_dry, item_on_display_a
D:3:      layout_basic
D:4:      layout_cave_pools, grunt_ministairs_5
D:5:      layout_basic
D:6:      layout_gridville, minmay_temple_entry_crystal_x, chequers_avenue,
          serial_bayou_crossing, uniq_pikel, uniq_edmund
D:7:      lemuel_bear_cage, layout_rooms, vehumet_crystals, uniq_maggie
D:8:      layout_layer_cave, serial_shops,
          nicolae_shop_competitors_out_of_business, minmay_fire_ice_demons,
          uniq_gastronok

Skill      XL: |  1  2  3  4  5  6  7  8  9 10 |
---------------+-------------------------------+-----
Axes           | 3 4 5 6 8 10 11 12 | 12.2
Fighting       | 4 5 6 7 8 |  8.6
Shields        | 4 5 6 7 |  7.9
Armour         | 4 5 6 7 |  7.8

Action                   |  1- 3 |  4- 6 |  7- 9 | 10-12 || total
-------------------------+-------+-------+-------+-------++-------
Melee: War axe           |   112 |   114 |   164 |    27 ||   417
       Broad axe         |       |       |       |    13 ||    13
Invok: Ancestor Identity |       |     1 |       |       ||     1
       Ancestor Life: He |       |     1 |       |       ||     1
  Use: Scroll            |     2 |       |     9 |       ||    11
 Stab: Distracted        |       |     2 |       |     2 ||     4
       Confused          |       |       |     4 |       ||     4
Armor: Scale mail        |    70 |     8 |       |       ||    78
       Chain mail        |       |    38 |    29 |       ||    67
       Ring mail         |       |       |    23 |       ||    23
       Plate armour      |       |       |    23 |    21 ||    44
Dodge: Dodged            |    68 |    30 |    45 |     5 ||   148
Block: Buckler           |    30 |    35 |    52 |    12 ||   129
